[Event "Prague Festival Futures 2024"]
[Site "Prague"]
[Date "2024.03.02"]
[Round "5.1"]
[White "Jakubse, Tamae Severina"]
[Black "Siskou, Evangelia"]
[Result "1-0"]
[ECO "B22"]
[WhiteElo "1735"]
[BlackElo "1680"]
[Annotator "NA RC"]
[PlyCount "39"]
[EventDate "2024.02.22"]
[EventType "tourn"]
[EventCountry "CZE"]
[SourceTitle "playchess.com"]
[Source "ChessBase"]
[SourceQuality "1"]
[TimeControl "40/5400+30:1800+30"]

1. e4 c5 2. c3 d5 3. exd5 Qxd5 4. d4 Nf6 5. Nf3 e6 6. Na3 Nc6 7. Be3 cxd4 8. Nb5 Qd7 9. Nbxd4 a6 10. Be2 Bd6 11. O-O Ne7 12. Nd2 Qc7 13. h3 Nfd5 14. Ne4 Nxe3 15. fxe3 O-O 16. Bd3 Ng6 17. Qh5 Be7 18. Nf3 Qb6 19. Rae1 Nf4 20. Nf6+ 1-0

[Event "Prague Festival Futures 2024"]
[Site "Prague"]
[Date "2024.03.02"]
[Round "5.2"]
[White "Markina, Sofiia"]
[Black "Andre, Tomas"]
[Result "1-0"]
[ECO "C55"]
[WhiteElo "1680"]
[BlackElo "1829"]
[Annotator "NA RC"]
[PlyCount "135"]
[EventDate "2024.02.22"]
[EventType "tourn"]
[EventCountry "CZE"]
[SourceTitle "playchess.com"]
[Source "ChessBase"]
[SourceQuality "1"]
[TimeControl "40/5400+30:1800+30"]

1. e4 e5 2. Nf3 Nc6 3. Bc4 Nf6 4. d3 h6 5. Nbd2 d6 6. c3 g5 7. Nf1 g4 8. N3d2 h5 9. Ne3 Bg7 10. Nf5 Bxf5 11. exf5 d5 12. Bb5 a6 13. Bxc6+ bxc6 14. Qe2 O-O 15. O-O Re8 16. f3 Qd6 17. fxg4 hxg4 18. Nb3 e4 19. d4 e3 20. Nc5 g3 21. h3 Bh6 22. Rf3 Ne4 23. Nb7 Qf6 24. Bxe3 Bxe3+ 25. Rxe3 Qxf5 26. Rf1 Qg6 27. Nc5 f5 28. Rff3 f4 29. Rxf4 Nf2 30. Rff3 Rxe3 31. Rxe3 Rf8 32. Nd3 a5 33. a4 Kh8 34. Rxg3 Qxg3 35. Nxf2 Qg6 36. Qe5+ Qg7 37. Qxg7+ Kxg7 38. Nd3 Re8 39. Kf2 Rb8 40. b4 Ra8 41. Nc5 axb4 42. cxb4 Rb8 43. Nd3 Kf6 44. g4 c5 45. dxc5 c6 46. Kg3 Re8 47. Kf3 Kg5 48. b5 Ra8 49. b6 Kf6 50. h4 Ke6 51. h5 Kd7 52. Ne5+ Kc8 53. Nxc6 Rxa4 54. Ne7+ Kd7 55. Nxd5 Kc6 56. Ne7+ Kxc5 57. h6 Kxb6 58. h7 Ra3+ 59. Kg2 Ra2+ 60. Kg3 Ra3+ 61. Kh4 Ra1 62. Kg5 Rh1 63. Kg6 Rh4 64. g5 Kc7 65. Nf5 Ra4 66. h8=Q Ra6+ 67. Kh5 Ra1 68. Qxa1 1-0

[Event "Prague Festival Futures 2024"]
[Site "Prague"]
[Date "2024.03.02"]
[Round "5.3"]
[White "Aansh Nandan Nerurkar"]
[Black "Peglau, Paul David"]
[Result "1-0"]
[ECO "C10"]
[WhiteElo "1891"]
[BlackElo "1764"]
[Annotator "NA RC"]
[PlyCount "91"]
[EventDate "2024.02.22"]
[EventType "tourn"]
[EventCountry "CZE"]
[SourceTitle "playchess.com"]
[Source "ChessBase"]
[SourceQuality "1"]
[TimeControl "40/5400+30:1800+30"]

1. e4 e6 2. d4 d5 3. Nd2 dxe4 4. Nxe4 Nd7 5. Nf3 Ngf6 6. Nxf6+ Nxf6 7. g3 b6 8. Bb5+ Bd7 9. a4 a6 10. Be2 Bd6 11. Ne5 Bxe5 12. dxe5 Bc6 13. Qxd8+ Rxd8 14. O-O Nd7 15. a5 b5 16. f4 Be4 17. c4 c6 18. Be3 f6 19. exf6 gxf6 20. Rfd1 Ke7 21. Rac1 Rc8 22. Bd2 Rhd8 23. cxb5 cxb5 24. Bb4+ Ke8 25. Bh5+ Bg6 26. Bf3 Rxc1 27. Rxc1 Nb8 28. Rc7 Rd7 29. Rc8+ Rd8 30. Bb7 Rxc8 31. Bxc8 Nc6 32. Be1 Nb8 33. Bxe6 Bf7 34. Bf5 Bg6 35. Be6 Bf7 36. Bg4 Bc4 37. Bf5 h6 38. Bc3 Kf7 39. Kf2 Bd5 40. b4 Be6 41. Be4 Bd7 42. Ke3 Bc6 43. f5 Ke7 44. Bxc6 Nxc6 45. Ke4 Kd6 46. g4 1-0

[Event "Prague Festival Futures 2024"]
[Site "Prague"]
[Date "2024.03.02"]
[Round "5.4"]
[White "Guntaka, Aayansh R"]
[Black "Brzezina, Pawel"]
[Result "1/2-1/2"]
[ECO "C64"]
[WhiteElo "1651"]
[BlackElo "1834"]
[Annotator "NA RC"]
[PlyCount "69"]
[EventDate "2024.02.22"]
[EventType "tourn"]
[EventCountry "CZE"]
[SourceTitle "playchess.com"]
[Source "ChessBase"]
[SourceQuality "1"]
[TimeControl "40/5400+30:1800+30"]

1. e4 e5 2. Nf3 Nc6 3. Bb5 a6 4. Ba4 Bc5 5. c3 Nge7 6. O-O Ng6 7. d4 Ba7 8. Bg5 f6 9. Be3 O-O 10. d5 Nce7 11. d6 cxd6 12. Bxa7 Rxa7 13. Qxd6 b5 14. Bb3+ Kh8 15. Rd1 Bb7 16. Bc2 Bc6 17. Nbd2 Nc8 18. Qc5 d6 19. Qe3 Rd7 20. a4 Nce7 21. axb5 axb5 22. Nf1 Nf4 23. Ng3 d5 24. h3 Neg6 25. Bb3 dxe4 26. Nxe4 Rxd1+ 27. Rxd1 Qa8 28. Re1 f5 29. Neg5 Nxg2 30. Kxg2 Bxf3+ 31. Kh2 Bd5 32. Bxd5 Qxd5 33. Rg1 e4 34. Qb6 Qe5+ 35. Kh1 1/2-1/2

[Event "Prague Festival Futures 2024"]
[Site "Prague"]
[Date "2024.03.02"]
[Round "5.5"]
[White "Mrozowski, Nikodem"]
[Black "Stara, Zuzana"]
[Result "1/2-1/2"]
[ECO "B15"]
[WhiteElo "1527"]
[BlackElo "1674"]
[Annotator "NA RC"]
[PlyCount "97"]
[EventDate "2024.02.22"]
[EventType "tourn"]
[EventCountry "CZE"]
[SourceTitle "playchess.com"]
[Source "ChessBase"]
[SourceQuality "1"]
[TimeControl "40/5400+30:1800+30"]

1. e4 c6 2. d4 d5 3. Nd2 dxe4 4. Nxe4 Nf6 5. Nxf6+ exf6 6. Be3 Bd6 7. Bd3 O-O 8. Ne2 Re8 9. O-O Bg4 10. c4 Bc7 11. Qc2 h6 12. h3 Be6 13. Rad1 a5 14. d5 cxd5 15. cxd5 Bc8 16. Rc1 Bd6 17. Rfd1 Nd7 18. Bb5 Rf8 19. Nc3 Ne5 20. Na4 Qe7 21. Nb6 Rb8 22. Nxc8 Rbxc8 23. Qxc8 Rxc8 24. Rxc8+ Kh7 25. Rdc1 f5 26. g3 Nf3+ 27. Kf1 Qe4 28. Rd1 Ne5 29. Kg1 Nf3+ 30. Kf1 Ne5 31. Kg1 Qf3 32. Rcc1 Ng6 33. Bf1 Qe4 34. Bg2 Qe7 35. Re1 Qd7 36. f4 Ne7 37. Rcd1 Qb5 38. b3 a4 39. bxa4 Qxa4 40. Rb1 Qxa2 41. Rxb7 Nxd5 42. Bxd5 Qxd5 43. Rb2 Ba3 44. Rg2 Bc5 45. Bxc5 Qxc5+ 46. Kh2 Qd4 47. h4 Kg6 48. Rge2 f6 49. Kg2 1/2-1/2

[Event "Prague Festival Futures 2024"]
[Site "Prague"]
[Date "2024.03.04"]
[Round "6.1"]
[White "Siskou, Evangelia"]
[Black "Stara, Zuzana"]
[Result "1-0"]
[ECO "B50"]
[WhiteElo "1680"]
[BlackElo "1674"]
[Annotator "NA RC"]
[PlyCount "169"]
[EventDate "2024.02.22"]
[EventType "tourn"]
[EventCountry "CZE"]
[SourceTitle "playchess.com"]
[Source "ChessBase"]
[SourceQuality "1"]
[TimeControl "40/5400+30:1800+30"]

1. e4 c5 2. Nf3 d6 3. Bb5+ Bd7 4. Bxd7+ Nxd7 5. O-O Ngf6 6. Qe2 e6 7. b3 g6 8. Bb2 Bg7 9. d4 cxd4 10. Nxd4 a6 11. c4 O-O 12. Nc3 Rc8 13. Rad1 Qb6 14. Kh1 Rfe8 15. Qd2 Nc5 16. Rfe1 Red8 17. f3 Qc7 18. Qf2 Rb8 19. f4 e5 20. Nc2 Qc6 21. Qf3 Re8 22. Nb4 Qc7 23. Nbd5 Nxd5 24. Nxd5 Qc6 25. f5 Rbd8 26. f6 Bf8 27. Qg4 Qd7 28. Qh4 Qe6 29. Nc7 Qd7 30. Nxe8 Rxe8 31. Re3 h5 32. Rg3 Kh7 33. b4 Qa4 34. Rc1 Qxb4 35. Ba3 Qd2 36. Rgc3 Nd3 37. R3c2 Qe3 38. Rd1 Nf4 39. Bc1 Qxe4 40. Rb2 b5 41. Bxf4 exf4 42. cxb5 axb5 43. h3 b4 44. Rbd2 Ra8 45. Qf2 Qe5 46. Rd4 Qe6 47. R1d2 b3 48. axb3 Qxb3 49. R2d3 Ra1+ 50. Kh2 Qb1 51. Rd1 Qxd1 52. Rxd1 Rxd1 53. Qe2 Ra1 54. Qb2 Ra8 55. Qb7 Rd8 56. Qxf7+ Kh6 57. Qc7 Re8 58. Qd7 Rb8 59. Qa7 Rd8 60. Qb6 Re8 61. Qc7 Ra8 62. Qc4 g5 63. h4 Rd8 64. Qc7 Re8 65. Qd7 Rb8 66. Qa7 Re8 67. Qd4 Rd8 68. Qb6 Ra8 69. Qc6 Rd8 70. Qc7 Re8 71. Qf7 Rd8 72. Qg8 gxh4 73. Kh3 Rb8 74. Kxh4 f3 75. Qg5+ Kh7 76. gxf3 Rb4+ 77. f4 Rb8 78. Kxh5 Rb2 79. Qg6+ Kh8 80. Qg3 Rb7 81. Kg6 Rh7 82. Qc3 Kg8 83. Qc4+ Kh8 84. f5 Rh1 85. Kf7 1-0

[Event "Prague Festival Futures 2024"]
[Site "Prague"]
[Date "2024.03.04"]
[Round "6.2"]
[White "Brzezina, Pawel"]
[Black "Mrozowski, Nikodem"]
[Result "1-0"]
[ECO "D85"]
[WhiteElo "1834"]
[BlackElo "1527"]
[Annotator "NA RC"]
[PlyCount "69"]
[EventDate "2024.02.22"]
[EventType "tourn"]
[EventCountry "CZE"]
[SourceTitle "playchess.com"]
[Source "ChessBase"]
[SourceQuality "1"]
[TimeControl "40/5400+30:1800+30"]

1. d4 Nf6 2. c4 g6 3. Nc3 d5 4. cxd5 Nxd5 5. Bd2 Bg7 6. e4 Nxc3 7. Bxc3 c5 8. d5 Bxc3+ 9. bxc3 Qa5 10. Qd2 b5 11. Nf3 O-O 12. h4 h5 13. Bd3 c4 14. Bc2 Na6 15. O-O Nc5 16. Qh6 f6 17. Qxg6+ Kh8 18. e5 Nd3 19. exf6 exf6 20. Bxd3 cxd3 21. Qxh5+ Kg7 22. Rae1 Qd8 23. Nd4 Rh8 24. Qf3 Rxh4 25. d6 Qxd6 26. g3 Rxd4 27. cxd4 Rb8 28. Re3 Bb7 29. Qg4+ Kf7 30. Qh5+ Kg7 31. Rfe1 Bd5 32. Re7+ Qxe7 33. Rxe7+ Kf8 34. Qh7 d2 35. Qg7# 1-0

[Event "Prague Festival Futures 2024"]
[Site "Prague"]
[Date "2024.03.04"]
[Round "6.3"]
[White "Andre, Tomas"]
[Black "Aansh Nandan Nerurkar"]
[Result "0-1"]
[ECO "B76"]
[WhiteElo "1829"]
[BlackElo "1891"]
[Annotator "NA RC"]
[PlyCount "106"]
[EventDate "2024.02.22"]
[EventType "tourn"]
[EventCountry "CZE"]
[SourceTitle "playchess.com"]
[Source "ChessBase"]
[SourceQuality "1"]
[TimeControl "40/5400+30:1800+30"]

1. e4 c5 2. Nf3 d6 3. d4 cxd4 4. Nxd4 Nf6 5. Nc3 g6 6. Be3 Bg7 7. f3 O-O 8. Qd2 Nc6 9. O-O-O Nxd4 10. Bxd4 Be6 11. Kb1 Qc7 12. h4 Rfc8 13. h5 Qa5 14. hxg6 fxg6 15. a3 Bf7 16. Bd3 Rab8 17. Ne2 Qxd2 18. Rxd2 a6 19. g4 e5 20. Bc3 h5 21. g5 Nd7 22. Ng3 Bf8 23. Rdd1 Be7 24. Bd2 Nc5 25. Be3 Nxd3 26. Rxd3 Bc4 27. Rd2 Rf8 28. Rf2 Rf7 29. Nf1 b5 30. Nd2 Be6 31. b4 Rbf8 32. Rhf1 d5 33. exd5 Bxd5 34. c3 Rf5 35. f4 exf4 36. Rxf4 Rxf4 37. Rxf4 Rxf4 38. Bxf4 Kf7 39. Nf1 Ke6 40. Ne3 h4 41. Kc2 h3 42. Kd3 Bxg5 43. Bh2 Bg2 44. Ke2 Bf6 45. c4 Bb2 46. cxb5 axb5 47. Kf2 Bxa3 48. Nxg2 hxg2 49. Kxg2 Bxb4 50. Kf3 Kd5 51. Kg4 Bd2 52. Bg3 b4 53. Bh4 g5 0-1

[Event "Prague Festival Futures 2024"]
[Site "Prague"]
[Date "2024.03.04"]
[Round "6.4"]
[White "Peglau, Paul David"]
[Black "Guntaka, Aayansh R"]
[Result "0-1"]
[ECO "E04"]
[WhiteElo "1764"]
[BlackElo "1651"]
[Annotator "NA RC"]
[PlyCount "100"]
[EventDate "2024.02.22"]
[EventType "tourn"]
[EventCountry "CZE"]
[SourceTitle "playchess.com"]
[Source "ChessBase"]
[SourceQuality "1"]
[TimeControl "40/5400+30:1800+30"]

1. d4 d5 2. c4 e6 3. Nf3 c6 4. g3 dxc4 5. Bg2 Nf6 6. Ne5 b5 7. Nxc6 Qb6 8. Nxb8 Rxb8 9. Bf4 Bd6 10. Bxd6 Qxd6 11. O-O O-O 12. e4 Qd7 13. e5 Nd5 14. Nc3 Nb4 15. Ne4 Nd3 16. Qg4 Qd8 17. b3 h6 18. bxc4 bxc4 19. Nd6 Ba6 20. f4 c3 21. f5 Qg5 22. Qxg5 hxg5 23. fxe6 fxe6 24. Rxf8+ Kxf8 25. Rf1+ Kg8 26. Bh3 c2 27. Bxe6+ Kh7 28. Bf5+ g6 29. Bxg6+ Kxg6 30. e6 c1=Q 31. Rxc1 Nxc1 32. e7 Bb5 33. Nxb5 Re8 34. Nxa7 Rxe7 35. Nc6 Rc7 36. d5 Nxa2 37. g4 Kf6 38. Nd4 Rd7 39. Kf2 Rxd5 40. Ke3 Nb4 41. Nf5 Rd3+ 42. Kf2 Nd5 43. Ng3 Rd2+ 44. Kg1 Ke5 45. Nf1 Ra2 46. Ng3 Kf4 47. Nf5 Kxg4 48. Nh6+ Kf3 49. h4 gxh4 50. Nf5 h3 0-1

[Event "Prague Festival Futures 2024"]
[Site "Prague"]
[Date "2024.03.04"]
[Round "6.5"]
[White "Jakubse, Tamae Severina"]
[Black "Markina, Sofiia"]
[Result "1-0"]
[ECO "B13"]
[WhiteElo "1735"]
[BlackElo "1680"]
[Annotator "NA RC"]
[PlyCount "113"]
[EventDate "2024.02.22"]
[EventType "tourn"]
[EventCountry "CZE"]
[SourceTitle "playchess.com"]
[Source "ChessBase"]
[SourceQuality "1"]
[TimeControl "40/5400+30:1800+30"]

1. e4 c6 2. d4 d5 3. exd5 cxd5 4. c4 Nf6 5. Nc3 Nc6 6. Nf3 Bg4 7. cxd5 Nxd5 8. Qb3 Bxf3 9. gxf3 e6 10. Qxb7 Nxd4 11. Bb5+ Nxb5 12. Qc6+ Ke7 13. Qc5+ Ke8 14. Qxb5+ Qd7 15. Qxd7+ Kxd7 16. Nxd5 exd5 17. O-O Bb4 18. Be3 a6 19. Rfd1 Ke6 20. Bd4 Rac8 21. a3 Ba5 22. b4 Bc7 23. Re1+ Kd7 24. Rad1 Rce8 25. Be3 Re5 26. Re2 Rhe8 27. Red2 Kc6 28. Rc1+ Kb7 29. Rc5 Rd8 30. f4 Rf5 31. b5 a5 32. b6 Bxf4 33. Bxf4 Rxf4 34. Rb2 d4 35. Rxa5 d3 36. Ra7+ Kb8 37. Rd2 Rc4 38. Rxf7 Rc2 39. Rd1 Rc6 40. Rxg7 h6 41. Rc7 Rxc7 42. bxc7+ Kxc7 43. f3 Kc6 44. Kf2 Kc5 45. Ke3 Kc4 46. Rc1+ Kb3 47. Kd2 Kb2 48. Rc3 Rg8 49. Rxd3 Rg2+ 50. Ke3 Rxh2 51. f4 Rh5 52. Ke4 Ra5 53. f5 Ra4+ 54. Ke5 Ra5+ 55. Kf6 h5 56. Kg6 h4 57. f6 1-0

[Event "Prague Festival Futures 2024"]
[Site "Prague"]
[Date "2024.03.05"]
[Round "7.1"]
[White "Guntaka, Aayansh R"]
[Black "Andre, Tomas"]
[Result "1/2-1/2"]
[ECO "B40"]
[WhiteElo "1651"]
[BlackElo "1829"]
[Annotator "NA RC"]
[PlyCount "88"]
[EventDate "2024.02.22"]
[EventType "tourn"]
[EventCountry "CZE"]
[SourceTitle "playchess.com"]
[Source "ChessBase"]
[SourceQuality "1"]
[TimeControl "40/5400+30:1800+30"]

1. e4 c5 2. Nf3 e6 3. d4 cxd4 4. Nxd4 Nf6 5. Nc3 Nc6 6. Nxc6 bxc6 7. Bd3 d5 8. O-O Be7 9. Qf3 O-O 10. e5 Nd7 11. Qh3 f5 12. Re1 Nc5 13. Ne2 Rb8 14. Nf4 Nxd3 15. Qxd3 Qb6 16. Qg3 Bc5 17. h4 Kh8 18. h5 Re8 19. Nh3 Rb7 20. Qh4 Qb4 21. Bf4 Be7 22. Qg3 Bd8 23. b3 Qf8 24. Ng5 h6 25. Nf3 Qf7 26. Qh3 Rb4 27. Be3 Bb6 28. Bxb6 axb6 29. c3 Re4 30. Nd4 Bd7 31. a4 c5 32. Nf3 Ra8 33. Nd2 Rxe1+ 34. Rxe1 Be8 35. c4 d4 36. Qf3 Rd8 37. Ra1 Qxh5 38. Qb7 Qf7 39. Qxb6 Rc8 40. a5 Qd7 41. a6 Qc6 42. Qxc6 Bxc6 43. Ra5 Ba8 44. Rb5 Kh7 1/2-1/2

[Event "Prague Festival Futures 2024"]
[Site "Prague"]
[Date "2024.03.05"]
[Round "7.2"]
[White "Markina, Sofiia"]
[Black "Siskou, Evangelia"]
[Result "1-0"]
[ECO "B53"]
[WhiteElo "1680"]
[BlackElo "1680"]
[Annotator "NA RC"]
[PlyCount "85"]
[EventDate "2024.02.22"]
[EventType "tourn"]
[EventCountry "CZE"]
[SourceTitle "playchess.com"]
[Source "ChessBase"]
[SourceQuality "1"]
[TimeControl "40/5400+30:1800+30"]

1. e4 c5 2. Nf3 d6 3. Nc3 Nf6 4. d4 cxd4 5. Qxd4 Nc6 6. Bb5 Bd7 7. Bxc6 Bxc6 8. Bg5 Nd7 9. O-O-O Qb6 10. Qd2 O-O-O 11. Nd5 Bxd5 12. Qxd5 f6 13. Be3 Nc5 14. Nd4 Qa6 15. Ne6 Nxe6 16. Qxe6+ Kb8 17. Rd3 Qc6 18. Rhd1 Qc8 19. Qb3 g6 20. Qa4 b6 21. Rb3 Qd7 22. Qa5 Bh6 23. Bxh6 g5 24. Qf5 Qe8 25. f4 Qg6 26. Qxg6 hxg6 27. fxg5 Rh7 28. Rf3 Re8 29. Rh3 Reh8 30. Bg7 Rxh3 31. gxh3 Rxh3 32. gxf6 exf6 33. Bxf6 Rxh2 34. Rxd6 Re2 35. e5 Kc7 36. Bg7 g5 37. Rg6 Rg2 38. e6 Re2 39. Bf8 Re5 40. e7 b5 41. Rxg5 Re6 42. Rxb5 a6 43. Rd5 1-0

[Event "Prague Festival Futures 2024"]
[Site "Prague"]
[Date "2024.03.05"]
[Round "7.3"]
[White "Aansh Nandan Nerurkar"]
[Black "Jakubse, Tamae Severina"]
[Result "1/2-1/2"]
[ECO "C58"]
[WhiteElo "1891"]
[BlackElo "1735"]
[Annotator "NA"]
[PlyCount "92"]
[EventDate "2024.02.22"]
[EventType "tourn"]
[EventCountry "CZE"]
[SourceTitle "playchess.com"]
[Source "ChessBase"]
[SourceQuality "1"]
[TimeControl "40/5400+30:1800+30"]

1. e4 e5 2. Nf3 Nc6 3. Bc4 Nf6 4. Ng5 d5 5. exd5 Na5 6. Bb5+ c6 7. dxc6 bxc6 8. Bd3 Nd5 9. Nf3 Bd6 10. O-O O-O 11. Re1 f5 12. Nxe5 Qf6 13. Nf3 g5 14. c4 Nf4 15. Bf1 g4 16. d4 gxf3 17. Qxf3 Ne6 18. Qc3 Nxd4 19. c5 Be5 20. Qxa5 Nc2 21. Bg5 Qxg5 22. Rxe5 Nxa1 23. Qc3 h6 24. f4 Qf6 25. Bc4+ Kh7 26. Nd2 Bd7 27. b4 Rfe8 28. Qxa1 Be6 29. Bxe6 Rxe6 30. Nc4 Rxe5 31. Qxe5 Qxe5 32. fxe5 Kg6 33. Nd6 a5 34. b5 cxb5 35. Kf2 b4 36. Ke3 a4 37. Kd4 b3 38. Kc3 bxa2 39. Kb2 Ra5 40. c6 Ra7 41. Nb5 Ra5 42. Nd6 Ra7 43. Nb5 Ra5 44. Nd6 Ra7 45. Nb5 Ra5 46. Nd6 Ra7 1/2-1/2

[Event "Prague Festival Futures 2024"]
[Site "Prague"]
[Date "2024.03.05"]
[Round "7.4"]
[White "Stara, Zuzana"]
[Black "Brzezina, Pawel"]
[Result "1/2-1/2"]
[ECO "C77"]
[WhiteElo "1674"]
[BlackElo "1834"]
[Annotator "NA RC"]
[PlyCount "81"]
[EventDate "2024.02.22"]
[EventType "tourn"]
[EventCountry "CZE"]
[SourceTitle "playchess.com"]
[Source "ChessBase"]
[SourceQuality "1"]
[TimeControl "40/5400+30:1800+30"]

1. e4 e5 2. Nf3 Nc6 3. Bb5 a6 4. Ba4 Nf6 5. d3 d6 6. c3 g6 7. Nbd2 Bg7 8. h3 h6 9. Nf1 b5 10. Bb3 Na5 11. Bc2 c5 12. Ng3 O-O 13. O-O Bb7 14. Be3 Qe7 15. Qd2 Kh7 16. Nh2 d5 17. b4 d4 18. bxa5 dxe3 19. fxe3 Rad8 20. Qe2 Qc7 21. a4 b4 22. cxb4 cxb4 23. Rfb1 Qxa5 24. Nf3 Nd7 25. Qd2 Nc5 26. Qxb4 Qxb4 27. Rxb4 f5 28. exf5 gxf5 29. d4 exd4 30. Bxf5+ Kh8 31. Nxd4 a5 32. Rc4 Nb3 33. Rd1 Nxd4 34. exd4 Ba6 35. Rc6 Bb7 36. Rc4 Ba6 37. Rc6 Bb7 38. Rb6 Rxd4 39. Rf1 Bd5 40. Nh5 Rd2 41. Rg6 1/2-1/2

[Event "Prague Festival Futures 2024"]
[Site "Prague"]
[Date "2024.03.05"]
[Round "7.5"]
[White "Mrozowski, Nikodem"]
[Black "Peglau, Paul David"]
[Result "1-0"]
[ECO "A01"]
[WhiteElo "1527"]
[BlackElo "1764"]
[Annotator "NA RC"]
[PlyCount "71"]
[EventDate "2024.02.22"]
[EventType "tourn"]
[EventCountry "CZE"]
[SourceTitle "playchess.com"]
[Source "ChessBase"]
[SourceQuality "1"]
[TimeControl "40/5400+30:1800+30"]

1. b3 d5 2. Bb2 c5 3. e3 Nf6 4. h3 Nc6 5. Nf3 Bf5 6. Bb5 e6 7. O-O Be7 8. d4 O-O 9. Bxc6 bxc6 10. Ba3 Qb6 11. Nc3 Nd7 12. Na4 Qa5 13. Qe1 Qxe1 14. Nxe1 Rab8 15. dxc5 Rb5 16. Nf3 e5 17. Rac1 Re8 18. b4 a5 19. c3 axb4 20. cxb4 Ra8 21. Nc3 Rbb8 22. b5 Rxa3 23. bxc6 Nxc5 24. Nxd5 Bd6 25. c7 Rc8 26. Nxe5 Be6 27. Nc4 Nd3 28. Nxd6 Nxc1 29. Nxc8 Ne2+ 30. Kh2 Bxc8 31. Ne7+ Kf8 32. Nxc8 Rc3 33. Rd1 g6 34. Rd7 Nc1 35. Nb6 Ke8 36. Rd8+ 1-0

[Event "Prague Festival Futures 2024"]
[Site "Prague"]
[Date "2024.03.06"]
[Round "8.1"]
[White "Andre, Tomas"]
[Black "Mrozowski, Nikodem"]
[Result "1-0"]
[ECO "B07"]
[WhiteElo "1829"]
[BlackElo "1527"]
[Annotator "NA RC"]
[PlyCount "87"]
[EventDate "2024.02.22"]
[EventType "tourn"]
[EventCountry "CZE"]
[SourceTitle "playchess.com"]
[Source "ChessBase"]
[SourceQuality "1"]
[TimeControl "40/5400+30:1800+30"]

1. e4 g6 2. d4 Bg7 3. Nc3 d6 4. Be3 Nf6 5. f3 Nbd7 6. Qd2 a6 7. Bd3 b5 8. a4 b4 9. Nce2 c5 10. c3 a5 11. Bb5 Ba6 12. e5 cxd4 13. exf6 dxe3 14. Qd3 Bxf6 15. Bxa6 bxc3 16. bxc3 O-O 17. Bb5 Nb6 18. Nh3 Rc8 19. O-O Qc7 20. Nhf4 Qc5 21. Rfd1 Rfd8 22. Rac1 e6 23. g3 Bg5 24. Ng2 e5 25. c4 Rc7 26. f4 exf4 27. gxf4 Bf6 28. Qxe3 Qxe3+ 29. Nxe3 Re7 30. Ng4 Rxe2 31. Nxf6+ Kg7 32. Nd5 Nxd5 33. Rxd5 Kf6 34. c5 Ke6 35. Bxe2 Kxd5 36. c6 Rc8 37. c7 Ke6 38. Ba6 Kd7 39. Bxc8+ Kxc8 40. Kg2 f5 41. h4 h5 42. Kf3 d5 43. Ke3 d4+ 44. Kd3 1-0

[Event "Prague Festival Futures 2024"]
[Site "Prague"]
[Date "2024.03.06"]
[Round "8.2"]
[White "Siskou, Evangelia"]
[Black "Brzezina, Pawel"]
[Result "0-1"]
[ECO "B51"]
[WhiteElo "1680"]
[BlackElo "1834"]
[Annotator "NA RC"]
[PlyCount "110"]
[EventDate "2024.02.22"]
[EventType "tourn"]
[EventCountry "CZE"]
[SourceTitle "playchess.com"]
[Source "ChessBase"]
[SourceQuality "1"]
[TimeControl "40/5400+30:1800+30"]

1. e4 c5 2. Nf3 d6 3. Bb5+ Nd7 4. c3 Ngf6 5. Bd3 a6 6. Bc2 b5 7. O-O Bb7 8. Re1 e6 9. d4 Qc7 10. h3 Be7 11. Bf4 e5 12. Bh2 O-O 13. Nbd2 Rfc8 14. Rc1 Bf8 15. a4 g6 16. Qe2 c4 17. b3 Bh6 18. bxc4 bxc4 19. Rb1 a5 20. dxe5 dxe5 21. Nxe5 Nxe5 22. Bxe5 Qxe5 23. Rxb7 Qxc3 24. Nf3 Re8 25. Rd1 Bf4 26. g3 Be5 27. Nxe5 Rxe5 28. Rc7 Rae8 29. Rxc4 Qa3 30. Rd3 Qa1+ 31. Kg2 Nxe4 32. Rd1 Qa2 33. Bd3 Qxe2 34. Bxe2 Nxf2 35. Kxf2 Rxe2+ 36. Kf3 R8e3+ 37. Kf4 Rb3 38. Rg1 Ra3 39. Rgc1 Rea2 40. h4 Rxa4 41. Ke5 Rxc4 42. Rxc4 Kg7 43. g4 Ra1 44. Kf4 a4 45. Kg3 a3 46. Kg2 a2 47. Ra4 f5 48. Ra7+ Kf6 49. Ra6+ Ke5 50. Ra5+ Kd6 51. Ra6+ Kc5 52. Ra5+ Kb6 53. Ra4 f4 54. Ra3 f3+ 55. Rxf3 Rb1 0-1

[Event "Prague Festival Futures 2024"]
[Site "Prague"]
[Date "2024.03.06"]
[Round "8.3"]
[White "Markina, Sofiia"]
[Black "Aansh Nandan Nerurkar"]
[Result "0-1"]
[ECO "B73"]
[WhiteElo "1680"]
[BlackElo "1891"]
[Annotator "NA RC"]
[PlyCount "90"]
[EventDate "2024.02.22"]
[EventType "tourn"]
[EventCountry "CZE"]
[SourceTitle "playchess.com"]
[Source "ChessBase"]
[SourceQuality "1"]
[TimeControl "40/5400+30:1800+30"]

1. e4 c5 2. Nf3 d6 3. d4 cxd4 4. Nxd4 Nf6 5. Nc3 g6 6. Be3 Bg7 7. Be2 O-O 8. O-O Nc6 9. Qd2 Ng4 10. Bxg4 Bxg4 11. f3 Bd7 12. Nd5 Rc8 13. c3 Re8 14. Rfd1 e6 15. Nxc6 bxc6 16. Nb4 Bf8 17. Kh1 Qc7 18. Bh6 Bxh6 19. Qxh6 d5 20. Rd3 c5 21. Nc2 Bb5 22. Rdd1 dxe4 23. fxe4 Qe5 24. Qh4 Bc6 25. Re1 Red8 26. Re2 f5 27. Ne1 Bxe4 28. Nf3 Qg7 29. Ng5 Qe7 30. Qg3 Bd5 31. b3 c4 32. b4 Qf6 33. Rf1 Rf8 34. h4 Rce8 35. Qc7 Re7 36. Qc5 h6 37. Nf3 g5 38. h5 g4 39. Nh2 Rg7 40. Qd6 f4 41. Ref2 f3 42. gxf3 g3 43. Rg2 gxh2 44. Rxg7+ Kxg7 45. Qg3+ Kh8 0-1

[Event "Prague Festival Futures 2024"]
[Site "Prague"]
[Date "2024.03.06"]
[Round "8.4"]
[White "Jakubse, Tamae Severina"]
[Black "Guntaka, Aayansh R"]
[Result "1-0"]
[ECO "C01"]
[WhiteElo "1735"]
[BlackElo "1651"]
[Annotator "NA RC"]
[PlyCount "169"]
[EventDate "2024.02.22"]
[EventType "tourn"]
[EventCountry "CZE"]
[SourceTitle "playchess.com"]
[Source "ChessBase"]
[SourceQuality "1"]
[TimeControl "40/5400+30:1800+30"]

1. e4 e6 2. d4 d5 3. Nc3 Bb4 4. exd5 exd5 5. Qf3 Ne7 6. Bd3 Nbc6 7. Nge2 O-O 8. Be3 a5 9. a3 Bxc3+ 10. Nxc3 f5 11. g3 b6 12. O-O-O Ba6 13. Rhe1 b5 14. Bxb5 Bxb5 15. Nxb5 Rb8 16. a4 Qd7 17. Bf4 Rb7 18. Qe2 Kf7 19. f3 Na7 20. Nxa7 Rxa7 21. Rd3 Nc6 22. g4 Nb4 23. Rb3 Raa8 24. Qb5 c6 25. Qe2 Rae8 26. Be5 c5 27. dxc5 fxg4 28. fxg4 Kg8 29. Re3 Qxa4 30. b3 Qc6 31. Bd6 Rxe3 32. Qxe3 Ra8 33. Qe6+ Kh8 34. Qf7 Qc8 35. Re7 Qg8 36. Qxg8+ Rxg8 37. Ra7 Nc6 38. Ra6 Rc8 39. Kb2 h6 40. c3 Kh7 41. Ka3 Kg6 42. Ka4 Kg5 43. Kb5 d4 44. cxd4 Nxd4+ 45. Kxa5 Nxb3+ 46. Kb6 Nxc5 47. Bxc5 Kxg4 48. Bd6 Kh3 49. Ra7 h5 50. Rxg7 h4 51. Rc7 Re8 52. Kc5 Re2 53. Kd5 Rd2+ 54. Ke6 Rd4 55. Be5 Rd2 56. Kf5 Rc2 57. Kg5 Rg2+ 58. Kh5 Re2 59. Rc3+ Kg2 60. Bf4 Rf2 61. Bc7 h3 62. Kg4 Rb2 63. Rg3+ Kh1 64. Rxh3 Rg2+ 65. Kf3 Rg7 66. Bg3 Ra7 67. Rh8 Ra3+ 68. Kg4 Kg2 69. Rf8 Rb3 70. Rf2+ Kg1 71. h4 Rb7 72. Kh3 Rb1 73. Rg2+ Kf1 74. Rf2+ Kg1 75. h5 Rb6 76. Re2 Rb1 77. Re1+ Rxe1 78. Bxe1 Kf1 79. h6 Kxe1 80. h7 Ke2 81. h8=Q Kf3 82. Qd4 Ke2 83. Kg3 Ke1 84. Kf3 Kf1 85. Qf2# 1-0